AoeStats
← calvindukelb

Nomad

510212104Analyzed
3v3 RM · 17h ago on Sep 30, 2026· 53m 38s· 6 players
Game mode
Random Map
Map size
210×210
Population
200
Speed
Normal
Resources
Standard
Victory
Conquest
Starting age
Dark Age
Ending age
Imperial Age
RankedLock teamsTeams togetherTeam positionsShared explorationLock speedFull tech treeHidden civsTurbo modeCheats
Victory
Defeat
🇧🇷 Saracens · Brazil
601
+14
🇨🇱 Japanese · Chile
550
+17
🇪🇸 Persians · Spain
321
+26
🇩🇪 Franks · Germany
627
-50
🇩🇪 Romans · Germany
563
-19
🇩🇪 Franks · Germany
481
-16
Jeshu17hds
7:49 Loom
17:50 Feudal Age
22:09 Wheelbarrow
27:57 Fishing Lines
30:40 Castle Age
28:14 Man-at-Arms
31:50 Elite Skirmisher
31:54 Long Swordsman
31:55 Pikeman
39:25 Hand Cart
39:39 Double-Bit Axe
40:48 Bow Saw
41:51 Yasama
51:07 Gillnets
sstylevines
23:58 Feudal Age
25:36 Wheelbarrow
24:46 Horse Collar
28:28 Double-Bit Axe
41:03 Castle Age
41:26 Castle Age
ZIXIII
7:18 Loom
23:31 Feudal Age
24:47 Wheelbarrow
23:59 Double-Bit Axe
23:57 Fishing Lines
25:24 Town Watch
25:27 Horse Collar
27:06 Gold Mining
27:58 Bloodlines
27:56 Scale Barding Armor
28:02 Forging
30:33 Castle Age
30:09 Stone Mining
32:00 Town Patrol
32:45 Husbandry
34:55 Bow Saw
35:58 Gillnets
37:22 Iron Casting
37:24 Heavy Plow
39:20 Gold Shaft Mining
39:40 Chain Barding Armor
40:08 Ballistics
40:52 Man-at-Arms
41:18 Gambesons
44:06 Hand Cart
zLxgends-
19:04 Feudal Age
21:39 Double-Bit Axe
24:37 Wheelbarrow
26:26 Double-Bit Axe
28:32 Double-Bit Axe
33:32 Castle Age
40:11 Man-at-Arms
42:17 Gold Mining
42:18 Stone Mining
44:00 Husbandry
43:51 Pikeman
48:59 Imperial Age
49:32 Cavalier
calvindukelb
27:00 Feudal Age
34:01 Stone Mining
34:01 Gold Mining
36:21 Wheelbarrow
35:35 Town Watch
36:31 Double-Bit Axe
40:52 Castle Age
43:44 Man-at-Arms
44:25 Squires
47:14 Pikeman
47:19 Light Cavalry
G!N0 C@$!N0
16:56 Feudal Age
17:22 Man-at-Arms
18:32 Fishing Lines
19:13 Forging
20:59 Scale Mail Armor
22:29 Gold Mining
23:17 Wheelbarrow
30:50 Castle Age
31:45 Husbandry
31:56 Bloodlines
32:31 Double-Bit Axe
32:11 Pikeman
32:28 Long Swordsman
33:41 Scale Barding Armor
35:11 Iron Casting
40:26 Gold Shaft Mining
39:42 Stone Mining
Connection lost

Rejoining the realm…

Still unreachable

The connection could not be restored.

Session expired

The server has moved on; the page needs a fresh start.